 Dungeon Crawl Stone Soup version 0.29.0-10-g45618ea6d2 (webtiles) character file.

Game seed: 13392625539110888964

1815 sanka the Grappler (level 8, 0/79 HPs)
             Began as a Troll Monk on Sept 1, 2022.
             Slain by Joseph
             ... wielding a +3 spectral quarterstaff
              (14 damage)
             ... on level 6 of the Dungeon.
             The game lasted 00:06:47 (4349 turns).

sanka the Grappler (Troll Monk)                     Turns: 4349, Time: 00:06:48

Health: 0/79       AC:  4    Str: 22    XL:     8   Next: 85%
Magic:  7/7        EV: 10    Int:  6    God:
Gold:   302        SH:  0    Dex: 12    Spells: 7/7 levels left

rFire   . . .      SeeInvis .     - Unarmed
rCold   + . .      Faith    .   (no shield)
rNeg    . . .      Spirit   .   a - +0 robe
rPois   +          Reflect  .   (helmet restricted)
rElec   .          Harm     .   (no cloak)
rCorr   .          Rampage  .   (gloves unavailable)
Will    .....                   (boots unavailable)
Stlth   ++........              (no amulet)
HPRegen 1.03/turn               s - ring of protection from cold
MPRegen 0.10/turn               t - ring of poison resistance

@: weakened
A: large, unfitting armour, claws 3, regeneration 1, shaggy fur 1, tough skin 1
a: no special abilities


You were on level 6 of the Dungeon.
You visited 2 branches of the dungeon, and saw 8 of its levels.

You collected 302 gold pieces.


Innate Abilities, Weirdness & Mutations

You are too large for most types of armour.
You have claws for hands.
Your natural rate of healing is unusually fast.
You are covered in fur. (AC +1)
You have tough skin. (AC +1)


   Skills:
 + Level 4.5 Fighting
 - Level 2.4 Dodging
 - Level 1.0 Stealth
 + Level 10.9 Unarmed Combat


You had 7 spell levels left.
You didn't know any spells.
Your spell library contained the following spells:

 Spells                   Type           Power      Damage    Failure   Level
 Ensorcelled Hibernation  Hex/Ice        0%         N/A       58%         2
 Spider Form              Tmut/Pois      0%         N/A       83%         3
 Anguish                  Hex/Necr       0%         N/A       99%         4

Inventory:

Armour
 a - a +0 robe (worn)
 B - a +0 cloak
Magical Staves
 e - a staff of poison
Jewellery
 d - a ring of flight
 o - a ring of wizardry
 s - a ring of protection from cold (left claw)
 t - a ring of poison resistance (right claw)
Wands
 y - a wand of charming (2)
 E - a wand of quicksilver (11)
Scrolls
 c - 3 scrolls of teleportation {unknown}
 f - 3 scrolls of magic mapping {unknown}
 g - 4 scrolls of vulnerability {unknown}
 i - 8 scrolls of identify {unknown}
 j - a scroll of torment {unknown}
 l - a scroll of blinking {unknown}
 m - 2 scrolls of amnesia {unknown}
 u - a scroll of fog {unknown}
 C - a scroll of poison {unknown}
 D - a scroll of noise {unknown}
Potions
 b - a potion of ambrosia
 h - a potion of mutation {unknown}
 k - 3 potions of haste {unknown}
 n - a potion of resistance {unknown}
 p - 2 potions of invisibility {unknown}
 q - a potion of curing {unknown}
 r - a potion of lignification {unknown}
 v - a potion of might {unknown}
 w - 2 potions of attraction {unknown}
 x - a potion of heal wounds {unknown}
 z - a potion of degeneration {unknown}
 A - a potion of magic {unknown}

Dungeon Overview and Level Annotations

Branches:
Dungeon (7/15)             Temple (1/1) D:6

Altars:
Ashenzari
Dithmenos
Elyvilon
Fedhas
Gozag
Makhleb
Nemelex Xobeh
Qazlal
Trog
Uskayaw
Vehumet
Wu Jian
Xom
Yredelemnul
The Shining One

Shops:
D:4 [

Annotations:
D:2 Sigmund
D:6 Joseph

▒.▒ ▒▒..▒▒▒.▒
▒.▒▒▒▒▒.......▒
▒.............▒ ▒▒▒▒
▒▒▒▒▒▒▒..÷▒.... ...▒
▒......▒▒ ▒..▒ ▒▒▒▒▒▒▒▒▒▒
▒▒▒▒▒.▒....▒ ▒..▒
▒▒▒........▒ ▒.......▒..▒
▒..▒
▒......▒▒▒.▒▒▒▒'▒▒▒......▒
▒..▒▒▒▒.▒.▒▒.▒
▒T▒▒.....▒▒.▒...▒
..........▒▒.▒
▒@▒▒.⌠.⌠.▒.(▒..(▒
▒▒▒▒▒▒▒.▒▒▒▒.▒
▒..'..>..+.▒▒...▒ ▒▒▒
▒>▒▒▒▒.▒ ▒.<▒.⌠.⌠.▒▒▒▒...▒
..▒ ▒......▒
▒..▒.....▒▒▒▒...▒▒ ▒.▒
▒.....▒▒▒▒▒.▒▒▒+▒▒▒........
.(▒
▒..........▒...............
..▒
▒.....▒▒▒▒▒.▒▒▒▒...........
..▒ ▒.....▒ ▒.▒
▒▒▒▒▒▒▒...▒▒


You could see Joseph.


Message History

Joseph barely misses you. Joseph closely misses you.
There is a stone staircase leading up here.
You mangle Joseph!!
Joseph is almost dead.
The gnoll hits you but does no damage.
The gnoll bouda gazes fiercely through you!
You feel your attacks grow feeble. Joseph barely misses you.
The gnoll hits you from afar with a +0 spear.
* * * LOW HITPOINT WARNING * * *
You climb upwards.
There is a stone staircase leading down here.
Unknown command.
You barely miss Joseph.
Joseph is almost dead.
Joseph hits you with a +3 spectral quarterstaff!
* * * LOW HITPOINT WARNING * * *
You barely miss Joseph.
Joseph is almost dead.
Joseph hits you with a +3 spectral quarterstaff!
* * * LOW HITPOINT WARNING * * *
You barely miss Joseph.
Joseph is almost dead.
Joseph hits you with a +3 spectral quarterstaff!
* * * LOW HITPOINT WARNING * * *
You scratch Joseph.
Joseph is almost dead.
Joseph hits you with a +3 spectral quarterstaff!
You die...

Action                   |  1- 3 |  4- 6 |  7- 9 || total
-------------------------+-------+-------+-------++-------
Melee: Unarmed           |    81 |   125 |   134 ||   340
       Punch             |     3 |     5 |     7 ||    15
 Stab: Sleeping          |     3 |     2 |       ||     5
Armor: Robe              |    32 |    29 |    21 ||    82
Dodge: Dodged            |    38 |    40 |    75 ||   153

Levels and vault maps discovered:
D:1:      mrwooster_arrival_statue_3, layout_basic
D:2:      layout_loops_ring, shapermc_ecumenical_altar_petra, uniq_sigmund
D:3:      layout_basic, mainiacjoe_overflow_divided_tiny,
          minmay_misc_feat_more_columns, minivault_19, serial_bayou_crossing
D:4:      layout_loops_cross, makhleb_altar_promises_db, serial_shops, shop
D:5:      layout_rooms, grunt_temple_overflow_opulence,
          corexii_item_surrounded_by_moat
D:6:      layout_loops_cross, grunt_qazlal_sundering, minmay_temple_entry_hall,
          uniq_duvessa
D:7:      minmay_blocky_corners, layout_layer_cave, kennysheep_mini,
          grunt_ogre_cave, uniq_joseph, uniq_crazy_yiuf_cottage, uniq_maggie
Temple:   hellmonk_temple_divided_pantheon

Notes
Turn   | Place    | Note
-------+----------+-------------------------------------------
     0 | D:1      | sanka the Troll Monk began the quest for the Orb.
     0 | D:1      | Reached XP level 1. HP: 22/22 MP: 0/0
    84 | D:1      | Reached XP level 2. HP: 29/29 MP: 1/1
   427 | D:1      | Reached skill level 4 in Unarmed Combat
   837 | D:2      | Reached XP level 3. HP: 36/36 MP: 2/2
   888 | D:2      | Found a faded altar of an unknown god.
   947 | D:2      | Noticed Sigmund
  1143 | D:3      | Reached XP level 4. HP: 37/44 MP: 3/3
  1148 | D:3      | Reached skill level 5 in Unarmed Combat
  1437 | D:3      | Found a white marble altar of Elyvilon.
  1438 | D:3      | Found a bloodstained altar of Trog.
  2058 | D:2      | Reached XP level 5. HP: 49/50 MP: 4/4
  2395 | D:4      | Found a burning altar of Makhleb.
  2395 | D:4      | Noticed a blizzard demon
  2539 | D:4      | Reached skill level 6 in Unarmed Combat
  2719 | D:4      | Reached XP level 6. HP: 53/59 MP: 5/5
  2760 | D:4      | Reached skill level 7 in Unarmed Combat
  2853 | D:4      | Found Udod's Antique Armour Emporium.
  2987 | D:5      | Entered Level 5 of the Dungeon
  3041 | D:5      | Reached skill level 8 in Unarmed Combat
  3041 | D:5      | Reached XP level 7. HP: 64/66 MP: 6/6
  3165 | D:5      | Reached skill level 9 in Unarmed Combat
  3310 | D:5      | Found an opulent altar of Gozag.
  3310 | D:5      | Found a sparkling altar of Nemelex Xobeh.
  3698 | D:6      | Reached XP level 8. HP: 52/74 MP: 7/7
  3750 | D:6      | Reached skill level 10 in Unarmed Combat
  3767 | D:6      | Found a staircase to the Ecumenical Temple.
  3774 | Temple   | Entered the Ecumenical Temple
  3774 | Temple   | Found a transporter.
  3774 | Temple   | Found a transporter.
  3776 | Temple   | Found a transporter.
  3776 | Temple   | Found a transporter.
  3845 | D:6      | Reached skill level 3 in Fighting
  3940 | D:6      | Noticed Duvessa
  3941 | D:6      | Noticed Dowan
  3948 | D:6      | Killed Duvessa
  3953 | D:6      | Killed Dowan
  4065 | D:6      | Reached skill level 4 in Fighting
  4243 | D:6      | Found a stormy altar of Qazlal.
  4334 | D:7      | Noticed Joseph
  4349 | D:6      | Slain by Joseph

Vanquished Creatures
  A steam dragon (D:6)
  Duvessa (D:6)
  3 black bears
  2 ice beasts (D:6)
  An ogre (D:6)
  2 bullfrogs (D:6)
  5 scorpions
  A necrophage (D:4)
  Dowan (D:6)
  2 jellies
  2 orc priests
  A gnoll bouda (D:6)
  An iguana (D:6)
  2 orc wizards (D:5)
  12 gnolls
  4 adders
  2 white imps
  An ufetubus (D:5)
  4 worms
  A dart slug (D:3)
  19 orcs
  10 bats
  9 endoplasms
  4 giant cockroaches
  10 goblins
  5 hobgoblins
  5 kobolds
  2 quokkas (D:3)
  8 ball pythons
  A frilled lizard (D:1)
  10 rats
132 creatures vanquished.

Vanquished Creatures (others)
  3 plants
3 creatures vanquished.

Grand Total: 135 creatures vanquished
